[Event "Gaprindashvili Cup Women III Stage 2020"]
[Site "Online"]
[Date "2020.11.12"]
[Round "3.3"]
[White "Javakhishvili, Lela"]
[Black "Khukhashvili, Sopiko"]
[Result "0-1"]
[ECO "E14"]
[WhiteElo "2473"]
[BlackElo "2334"]
[Annotator "ChessBase"]
[PlyCount "54"]
[EventDate "2020.11.04"]
[EventType "k.o."]
[SourceTitle "playchess.com"]
[Source "ChessBase"]
[SourceQuality "1"]
[TimeControl "1500+5"]

1. d4 Nf6 2. c4 e6 3. Nf3 Bb4+ 4. Nbd2 b6 5. a3 Bxd2+ 6. Qxd2 Bb7 7. e3 O-O 8. Be2 d6 9. O-O Nbd7 10. b4 Qe7 11. Bb2 Ne4 12. Qc2 f5 13. Rad1 Rf6 14. d5 Rg6 15. g3 e5 16. Bd3 Rf8 17. Ne1 Qh4 18. Ng2 Qh3 19. f3 Nxg3 20. hxg3 Rxg3 21. Rfe1 Rf6 22. Bf1 Rxf3 23. Be2 Rg3 24. Bf1 Rfg6 25. e4 f4 26. Rd3 f3 27. Ree3 fxg2 0-1

[Event "Gaprindashvili Cup Women III Stage 2020"]
[Site "Online"]
[Date "2020.11.12"]
[Round "3.4"]
[White "Khukhashvili, Sopiko"]
[Black "Javakhishvili, Lela"]
[Result "1-0"]
[ECO "B06"]
[WhiteElo "2334"]
[BlackElo "2473"]
[Annotator "ChessBase"]
[PlyCount "107"]
[EventDate "2020.11.04"]
[EventType "k.o."]
[SourceTitle "playchess.com"]
[Source "ChessBase"]
[SourceQuality "1"]
[TimeControl "1500+5"]

1. e4 d6 2. d4 g6 3. Nc3 Bg7 4. Be3 c6 5. a4 Nd7 6. Qd2 Qc7 7. h4 Ngf6 8. f3 e5 9. Nge2 h5 10. O-O-O Nb6 11. b3 Nbd7 12. dxe5 dxe5 13. Kb2 Bf8 14. Bg5 Be7 15. f4 Nc5 16. Qe3 Ng4 17. Qf3 f6 18. f5 fxg5 19. hxg5 Bxg5 20. Ng3 Bd7 21. Qxg4 hxg4 22. Rxh8+ Kf7 23. Rxa8 Bc8 24. fxg6+ Kxg6 25. Nf5 a6 26. Nd6 Be6 27. Bc4 Bxc4 28. Nxc4 Kg7 29. a5 Ne6 30. Re8 Nd4 31. Rxe5 Bf6 32. Rh5 Kg6 33. Rdh1 Qg3 34. Rh6+ Kf7 35. e5 Bg7 36. R6h5 Qxg2 37. R1h2 Qg1 38. Ne4 g3 39. Ncd6+ Ke6 40. R2h3 Ne2 41. Rg5 Qc1+ 42. Ka2 Qxc2+ 43. Ka3 Qc1+ 44. Kb4 Qe1+ 45. Kc5 Qc1+ 46. Kb6 Bxe5 47. Rh6+ Kd5 48. Nc4 Kxe4 49. Rxe5+ Kf3 50. Rf6+ Kg2 51. Rxe2+ Kg1 52. Ne3 g2 53. Rxg2+ Kh1 54. Rh6# 1-0

[Event "Gaprindashvili Cup Women III Stage 2020"]
[Site "Online"]
[Date "2020.11.12"]
[Round "4.2"]
[White "Khukhashvili, Sopiko"]
[Black "Arabidze, Meri"]
[Result "0-1"]
[ECO "B44"]
[WhiteElo "2334"]
[BlackElo "2437"]
[Annotator "RC"]
[PlyCount "58"]
[EventDate "2020.11.04"]
[EventType "k.o."]
[SourceTitle "playchess.com"]
[Source "ChessBase"]
[SourceQuality "1"]
[TimeControl "1500+5"]

1. e4 c5 2. Nf3 e6 3. d4 cxd4 4. Nxd4 Nc6 5. c4 Bc5 6. Nb3 Be7 7. Nc3 Nf6 8. Be2 d6 9. Be3 b6 10. Qd2 Bb7 11. Rd1 O-O 12. g4 Ne5 13. f3 Rc8 14. g5 Ne8 15. Qd4 Bxg5 16. f4 Bh4+ 17. Kf1 Ng6 18. Rg1 e5 19. fxe5 Nxe5 20. Kg2 f5 21. Nd5 Bf6 22. exf5 Nxc4 23. Qe4 Nxe3+ 24. Qxe3 Nc7 25. Bf3 Nxd5 26. Bxd5+ Bxd5+ 27. Rxd5 Be5 28. Nd4 Qh4 29. h3 Rc4 0-1